 Dungeon Crawl Stone Soup version 0.31-a0-986-g5e6e4ef867 (webtiles) character file.

Game seed: 220564602796924217

14464 Naiya55 the Severer (level 11, -3/93 (95) HPs)
             Began as a Formicid Fighter on Nov 4, 2023.
             Was a High Priest of Ru.
             Slain by an entropy weaver (15 damage)
             ... on level 13 of the Dungeon.
             The game lasted 00:24:08 (13776 turns).

Naiya55 the Severer (Formicid Fighter)             Turns: 13776, Time: 00:24:08

HP:   -3/93 (95)    AC:  1    Str: 25    XL:     11   Next: 45%
MP:   3/11          EV:  7    Int:  8    God:    Ru [*****.]
Gold: 718           SH: 10    Dex: 13    Spells: 10/10 levels left

rFire   . . .        S - +0 battleaxe
rCold   . . .        c - +0 buckler
rNeg    . . .        D - +0 plate armour
rPois   .            (helmet unavailable)
rElec   .            L - +0 cloak
rCorr   .            N - +0 pair of gloves
SInv    +            H - +0 pair of boots
Will    ++...        R - amulet of reflection Stlth
                     p - +4 ring of protection
HPRegen 0.35/turn    w - ring of willpower
MPRegen 0.12/turn

%: reflection
@: exhausted, corroded, lightly drained
A: permanent stasis, dig shafts and tunnels, antennae 3, inability to read after
injury 2, inability to use devices, hated by all, inexperienced 1, four strong
arms
a: Dig, Shaft Self, Renounce Religion, Draw Out Power, Power Leap, Apocalypse


You were on level 13 of the Dungeon.
You worshipped Ru.
Ru was extremely pleased with you.
You visited 1 branch of the dungeon, and saw 13 of its levels.

You collected 900 gold pieces.
You spent 182 gold pieces at shops.

Inventory:

Hand Weapons
 a - a +0 war axe
 B - a +3 flail
 S - a +0 battleaxe (weapon)
 T - a +2 great mace of protection
Missiles
 O - 2 throwing nets
Armour
 c - a +0 buckler (worn)
 D - a +0 plate armour (worn)
 H - a +0 pair of boots (worn)
 L - a +0 cloak (worn)
 N - a +0 pair of gloves (worn)
Jewellery
 p - a +4 ring of protection (left hand)
 q - a ring of magical power
 t - a +6 ring of intelligence
 w - a ring of willpower (right hand)
 x - a ring of protection from cold
 A - a +6 ring of dexterity
 F - a +4 ring of protection
 K - an amulet of the acrobat
 R - an amulet of reflection (around neck)
Scrolls
 b - 3 scrolls of immolation {unknown}
 e - 3 scrolls of fog {unknown}
 g - a scroll of torment {unknown}
 i - 4 scrolls of identify
 k - 2 scrolls of amnesia {unknown}
 l - 2 scrolls of teleportation {unknown}
 m - 3 scrolls of vulnerability {unknown}
 n - 2 scrolls of enchant armour {unknown}
 s - 3 scrolls of brand weapon {unknown}
 u - 5 scrolls of revelation {unknown}
 y - 2 scrolls of noise {unknown}
 C - 2 scrolls of silence {unknown}
 E - 4 scrolls of butterflies {unknown}
 J - 2 scrolls of fear {unknown}
Potions
 d - 2 potions of might
 f - a potion of mutation {unknown}
 h - 4 potions of degeneration
 j - 4 potions of attraction
 o - 3 potions of ambrosia
 r - 2 potions of curing
 v - a potion of resistance {unknown}
 z - 3 potions of lignification
 G - a potion of heal wounds {unknown}
 I - 3 potions of brilliance {unknown}
 M - a potion of invisibility {unknown}
 P - 2 potions of magic {unknown}
 Q - a potion of cancellation {unknown}


   Skills:
 + Level 11.8 Fighting
 * Level 15.4 Axes
 - Level 7.0 Armour
 - Level 4.0 Shields


You had 10 spell levels left.
You didn't know any spells.
Your spell library contained the following spells:

 Spells                   Type           Power      Damage    Failure   Level
 Apportation              Tloc           0%         N/A       100%        1
 Necrotise                Necr           0%         1d4       100%        1
 Shock                    Conj/Air       0%         1d3       100%        1
 Ensorcelled Hibernation  Hex/Ice        0%         N/A       100%        2
 Jinxbite                 Hex            0%         N/A       100%        2
 Ignite Poison            Fire/Tmut/Pois 0%         N/A       100%        3
 Inner Flame              Hex/Fire       0%         N/A       100%        3
 Airstrike                Air            0%         2d(0-16)  100%        4
 Anguish                  Hex/Necr       0%         N/A       100%        4
 Leda's Liquefaction      Hex/Erth       0%         N/A       100%        4
 Sticky Flame             Conj/Fire      0%         2d3       100%        4
 Borgnjor's Vile Clutch   Necr/Erth      0%         N/A       100%        5
 Lee's Rapid Deconstruct  Erth           0%         3d4*      100%        5
 Yara's Violent Unravell  Hex/Tmut       0%         3d3       100%        5
 Bombard                  Conj/Erth      0%         9d1       100%        6
 Enfeeble                 Hex            0%         N/A       100%        7
 Ignition                 Fire           0%         3d3       100%        8
 Summon Small Mammal      Summ           Unusable   N/A       N/A         1
 Swiftness                Air            Unusable   N/A       N/A         3
 Animate Dead             Necr           Unusable   N/A       N/A         4
 Death Channel            Necr           Unusable   N/A       N/A         6

Dungeon Overview and Level Annotations

Branches:
Dungeon (13/15)            Temple (0/1) D:5            Lair (0/5) D:8
    Orc (0/2) D:11
 Vaults: D:13-14

Altars:
Ashenzari
Cheibriados
Dithmenos
Elyvilon
Makhleb
Ru
Sif Muna
Uskayaw
Vehumet
Wu Jian
Zin
The Shining One

Shops:
D:4 *   D:5 (!(*(   D:9 [   D:12 (

Annotations:
D:13 3 runed translucent doors, Gawasace's ghost, journeyman FoFi


Innate Abilities, Weirdness & Mutations

You cannot be hasted, slowed, berserked, paralysed or teleported.
You can dig through walls and to a lower floor.
You have a pair of large antennae on your head. (SInv)
You sometimes lose the ability to read scrolls when taking damage.
You cannot study or use magical devices.
You are hated by all.
You are somewhat inexperienced. (-1 XL)
Your four strong arms can wield two-handed weapons with a shield.


Message History

The ironbound preserver is severely wounded.
You block the ironbound preserver's attack.
Activating: Apocalypse
Press: ? - help, Dir - look around, f - activate You reveal the great annihilating truth to your foes!
You kill the ironbound preserver!
You feel drained.
You hear a shout! x2
You hit the entropy weaver but do no damage.
The entropy weaver is almost dead.
The entropy weaver points at you and mumbles some strange words.
The entropic weave corrodes you!
Press: ? - help, v - describe, . - travel A rock wall.
You miss the entropy weaver.
The entropy weaver is almost dead.
The entropy weaver hits you.
* * * LOW HITPOINT WARNING * * *
You block the entropy weaver's attack.
The entropy weaver completely misses you.
The entropy weaver barely misses you.
You closely miss the entropy weaver.
The entropy weaver is almost dead.
The entropy weaver points at you and mumbles some strange words.
The entropic weave corrodes you!
Okay, then.
You hit the entropy weaver.
The entropy weaver is almost dead.
The entropy weaver hits you.
* * * LOW HITPOINT WARNING * * *
The entropy weaver hits you.
* * * LOW HITPOINT WARNING * * *
You block the entropy weaver's attack. x2
You barely miss the entropy weaver.
The entropy weaver is almost dead.
The entropy weaver begins to cast a spell, but is stunned by your conviction!
The entropy weaver hits you!
* * * LOW HITPOINT WARNING * * *
You block the entropy weaver's attack. x2; The entropy weaver hits you!
You die...

#######.
........
##....
#####.##
#.#...
#....
#>.., #..
#.# {
#####
##.#####B#
......
.......@.#
######
########.#
#.# #.#
#.# #.#
#.# #.#
#.#


You could see an entropy weaver.

Vanquished Creatures
  An ironbound preserver (D:13)
  2 two-headed ogres
  Erica (D:9)
  A boulder beetle (D:13)
  2 cyclopes
  Maurice (D:10)
  A gargoyle (D:12)
  2 unseen horrors
  A rime drake (D:7)
  An unseen horror zombie (D:7)
  3 trolls
  A polar bear (D:8)
  2 slime creatures (D:13)
  2 shadows
  3 wyverns
  A vampire (D:12)
  6 yaks (D:11)
  2 basilisks
  2 wargs (D:11)
  Menkaure (D:6)
  2 water moccasins
  An acid dragon (D:10)
  3 orc warriors
  A sky beast (D:8)
  6 ice beasts
  2 wolves (D:8)
  3 hornet zombies (D:7)
  5 centaurs
  2 phantoms
  3 kobold brigands
  4 scorpions
  A gnoll sergeant (D:11)
  A bullfrog (D:5)
  A wyvern zombie (D:7)
  19 killer bees
  A howler monkey (D:8)
  2 centaur zombies (D:7)
  3 jellies
  3 hounds (D:5)
  10 orc priests
  3 gnoll boudas
  3 iron imps (D:5)
  A sleepcap (D:7)
  Jessica (D:2)
  2 iguanas (D:6)
  2 orc wizards
  Natasha (D:2)
  A killer bee zombie (D:7)
  20 gnolls
  9 adders
  4 river rats (D:6)
  4 worms (D:2)
  2 dart slugs
  17 orcs
  10 ball pythons
  7 endoplasms
  5 giant cockroaches
  6 goblins
  5 hobgoblins
  2 jackals (D:2)
  23 kobolds
  4 quokkas
  7 bats
  2 frilled lizards (D:3)
  12 rats
262 creatures vanquished.

Vanquished Creatures (others)
  A troll (D:12)
  An ice beast (D:8)
  A killer bee (D:11)
  An orc (D:10)
4 creatures vanquished.

Grand Total: 266 creatures vanquished

Notes
Turn   | Place    | Note
-------+----------+-------------------------------------------
     0 | D:1      | Naiya55 the Formicid Fighter began the quest for the Orb.
     0 | D:1      | Reached XP level 1. HP: 18/18 MP: 1/1
    64 | D:1      | Reached XP level 2. HP: 23/24 MP: 2/2
   303 | D:1      | Reached XP level 3. HP: 28/30 MP: 3/3
   352 | D:1      | Reached skill level 3 in Axes
   948 | D:2      | Found a faded altar of an unknown god.
  1019 | D:2      | Reached XP level 4. HP: 34/37 MP: 4/4
  1225 | D:2      | Noticed Jessica
  1228 | D:2      | Killed Jessica
  1388 | D:2      | Reached skill level 4 in Axes
  1406 | D:2      | Reached XP level 5. HP: 42/42 MP: 5/5
  1447 | D:2      | Noticed Natasha
  1454 | D:2      | Killed Natasha
  2102 | D:3      | Found a hide-covered altar of Uskayaw.
  2385 | D:4      | Noticed a phantom
  2403 | D:3      | Killed a phantom
  2404 | D:3      | Reached skill level 5 in Axes
  2404 | D:3      | Reached XP level 6. HP: 42/50 MP: 6/6
  2443 | D:4      | Reached skill level 5 in Fighting
  2451 | D:4      | Found an ornate altar of the Wu Jian Council.
  2454 | D:4      | Found a sacrificial altar of Ru.
  2455 | D:4      | Found a broken altar of Ashenzari.
  2472 | D:4      | Became a worshipper of Ru the Awakened
  2614 | D:4      | Reached XP level 7. HP: 22/56 MP: 7/7
  2743 | D:4      | Identified the +4 leather armour "Neh Paitri" {Contam +Inv
                  | rC++ Regen+}
  2873 | D:4      | Found Jeawoah's Fire Supplies.
  2925 | D:4      | Found a radiant altar of Vehumet.
  2938 | D:4      | Reached skill level 6 in Axes
  3024 | D:4      | Found a hazy altar of Hepliaklqana.
  3098 | D:5      | Entered Level 5 of the Dungeon
  3098 | D:5      | Found Ruritiyna's Antique Weapon Boutique.
  3220 | D:5      | Found Sailuy's Distillery.
  3441 | D:5      | Found a white marble altar of Elyvilon.
  3543 | D:5      | Reached skill level 7 in Axes
  3543 | D:5      | Reached XP level 8. HP: 56/64 MP: 8/8
  3595 | D:5      | Bought a potion of lignification for 42 gold pieces
  3595 | D:5      | Bought a potion of lignification for 42 gold pieces
  3595 | D:5      | Bought a potion of might for 56 gold pieces
  3595 | D:5      | Bought a potion of curing for 42 gold pieces
  3627 | D:5      | Found a staircase to the Ecumenical Temple.
  3704 | D:5      | Found Pihe's Assorted Antiques.
  3722 | D:5      | Found Elokas's Antique Weapon Emporium.
  3836 | D:5      | Found Recir's Weapon Emporium.
  3843 | D:5      | Gained mutation: You occasionally lose the ability to read
                  | scrolls when taking damage. [Ru sacrifice]
  3843 | D:5      | Gained mutation: You sometimes lose the ability to read
                  | scrolls when taking damage. [Ru sacrifice]
  3843 | D:5      | Reached * piety under Ru
  3888 | D:5      | Found a burning altar of Makhleb.
  4063 | D:6      | Noticed Menkaure
  4290 | D:6      | HP: 4/97 [Menkaure (11)]
  4292 | D:6      | Killed Menkaure
  4528 | D:6      | Found a glowing silver altar of Zin.
  4591 | D:6      | Reached skill level 8 in Axes
  4705 | D:6      | Identified the +6 scale mail of the Eight of Cups {Dex+2}
  4768 | D:6      | Found a snail-covered altar of Cheibriados.
  5143 | D:6      | Reached XP level 9. HP: 53/72 MP: 9/9
  5575 | D:7      | Reached skill level 9 in Axes
  5804 | D:7      | Found a basalt altar of Yredelemnul.
  5846 | D:7      | Reached skill level 10 in Axes
  6961 | D:8      | Reached XP level 10. HP: 66/82 MP: 10/10
  7026 | D:8      | Found a shadowy altar of Dithmenos.
  7060 | D:8      | Found a glowing golden altar of the Shining One.
  7409 | D:8      | Reached skill level 11 in Axes
  7485 | D:8      | Found a staircase to the Lair.
  7505 | D:8      | Noticed a rime drake
  7692 | D:7      | Killed a rime drake
  7711 | D:7      | Gained mutation: You cannot study or use magical devices.
                  | [Ru sacrifice]
  7711 | D:7      | Reached ** piety under Ru
  7711 | D:7      | Reached *** piety under Ru
  8051 | D:8      | Reached skill level 12 in Axes
  8225 | D:8      | Reached skill level 10 in Fighting
  8620 | D:9      | Found Vausus's Antique Armour Boutique.
  8642 | D:9      | Noticed a two-headed ogre
  8645 | D:9      | Noticed Erica
  8786 | D:8      | HP: 5/127 [two-headed ogre/+0 giant club (22)]
  8787 | D:8      | Killed a two-headed ogre
  8788 | D:8      | Reached XP level 11. HP: 6/92 MP: 11/11
  9086 | D:9      | Killed Erica
  9087 | D:9      | Reached skill level 13 in Axes
  9187 | D:9      | Noticed a two-headed ogre
  9207 | D:9      | Killed a two-headed ogre
  9654 | D:10     | Entered Level 10 of the Dungeon
 10091 | D:10     | Noticed Maurice
 10144 | D:10     | Maurice stole 399 gold
 10156 | D:10     | Maurice stole a ring of protection from cold
 10164 | D:10     | Maurice stole 2 throwing nets
 10165 | D:10     | Killed Maurice
 10540 | D:10     | Reached skill level 14 in Axes
 10799 | D:10     | Found a shimmering blue altar of Sif Muna.
 11067 | D:11     | Gained mutation: You are somewhat inexperienced. (-1 XL)
                  | [Ru sacrifice]
 11067 | D:11     | Reached XP level 10. HP: 88/88 MP: 10/10
 11067 | D:11     | Reached **** piety under Ru
 11067 | D:11     | Reached ***** piety under Ru
 11659 | D:11     | Found a staircase to the Orcish Mines.
 11839 | D:11     | Reached skill level 5 in Armour
 12259 | D:12     | Reached XP level 11. HP: 76/93 MP: 11/11
 13129 | D:12     | Found Uraragol's Antique Weapon Shoppe.
 13593 | D:13     | Gained mutation: You are hated by all. [Ru sacrifice]
 13625 | D:13     | Noticed a boulder beetle
 13659 | D:13     | Killed a boulder beetle
 13660 | D:13     | Reached skill level 15 in Axes
 13697 | D:13     | Found a runed translucent gate.
 13698 | D:13     | Found a runed translucent gate.
 13699 | D:13     | Found a runed translucent gate.
 13701 | D:13     | Noticed Gawasace's ghost (journeyman FoFi)
 13732 | D:13     | Noticed an ironbound preserver
 13743 | D:13     | Noticed an entropy weaver
 13771 | D:13     | Killed an ironbound preserver
 13776 | D:13     | Slain by an entropy weaver

Illustrated notes

Levels and vault maps discovered:
D:1:      dpeg_arrival_rooms_b, layout_basic, serial_forest,
          infiniplex_forest_clump_long, infiniplex_forest_lined_room_,
          infiniplex_forest_straight_3, infiniplex_forest_lined_corner,
          infiniplex_forest_clump_tiny, infiniplex_forest_fountain, st_stairs_7,
          minmay_bisected
D:2:      layout_loops_ring, shapermc_ecumenical_altar_pompeii, minmay_unequal,
          uniq_natasha, uniq_jessica
D:3:      layout_basic, lemuel_doored_altar, kennysheep_generic_room_14
D:4:      layout_rooms, worldfamousw_hep_ancestral_shrine,
          nicolae_overflow_hidden_temple, grunt_temple_overflow_open,
          nicolae_shop_fire_sale [nicolae_sub_dead_trees]
D:5:      layout_basic, elyvilon_altar_5, demons_altar,
          minmay_temple_entry_glassed_door, serial_shops, shop, shop,
          nicolae_diamond_shop, nicolae_shop_hallway_stairs,
          nicolae_shop_waterfront, roderic_st_hans_cross
D:6:      wad_woods_stonehenge, layout_cave_pools, mainiacjoe_overflow_alcove_1,
          uniq_menkaure
D:7:      layout_basic, nicolae_yredelemnul_corpse_copse, nicolae_tricolors
D:8:      layout_basic, mainiacjoe_overflow_two_lobes, hellmonk_lair_entry_icy
D:9:      layout_big_octagon, serial_shops, shop, nrook_mini_backslash,
          uniq_erica
D:10:     layout_cave_pods, led_sif_pool, uniq_maurice
D:11:     layout_stronghold, erik_orc_3
D:12:     layout_irregular_city, serial_shops, kennysheep_mini
D:13:     minmay_distorted_concentric_squares, layout_small_grid,
          hellmonk_vaults_order_and_chaos, gammafunk_ghost_necromancy

Skill      XL: |  1  2  3  4  5  6  7  8  9 10 11 |
---------------+----------------------------------+-----
Axes           | 3 4 5 7 8 10 12 15 | 15.4
Fighting       | 4 5 6 7 8 10 11 | 11.8
Armour         | 5 7 |  7.0
Shields        | |  4.0

Action                     |  1- 3 |  4- 6 |  7- 9 | 10-12 || total
---------------------------+-------+-------+-------+-------++-------
  Melee: War axe           |   119 |   133 |   326 |   365 ||   943
         Battleaxe         |       |       |       |   180 ||   180
 Invoke: Sacrifice Words   |       |       |     1 |       ||     1
         Sacrifice Artific |       |       |       |     1 ||     1
         Sacrifice Experie |       |       |       |     1 ||     1
         Draw Out Power    |       |       |       |     1 ||     1
         Apocalypse        |       |       |       |     1 ||     1
         Sacrifice Love    |       |       |       |     1 ||     1
Ability: Dig               |       |       |     5 |     2 ||     7
    Use: Potion            |       |       |     3 |     2 ||     5
         Scroll            |       |       |     2 |     1 ||     3
   Stab: Invisible         |       |       |       |     6 ||     6
         Distracted        |       |       |       |     1 ||     1
         Paralysed         |       |       |       |     1 ||     1
 Armour: Scale mail        |    89 |    96 |     7 |       ||   192
         Chain mail        |       |       |   261 |    92 ||   353
         Skin              |       |       |     1 |     6 ||     7
         Plate armour      |       |       |       |   329 ||   329
  Dodge: Dodged            |    63 |    64 |   135 |   185 ||   447
  Block: Buckler           |    32 |    42 |    81 |   171 ||   326

Table legend: (Time is in decaauts)
 A = Elapsed time spent in this place.
 B = Non-inter-level travel time spent in this place.
 C = Inter-level travel time spent in this place.
 D = Time resting spent in this place.
 E = Time spent auto-exploring this place.
 F = Levels seen in this place.
 G = Mean time per level.
                   A        B        C        D        E       F      G
               +--------+--------+--------+--------+--------+-----+--------+
         Total |  13856 |  13442 |    414 |   1582 |   9141 |  13 | 1065.8 |
       Dungeon |  13856 |  13442 |    414 |   1582 |   9141 |  13 | 1065.8 |
               +--------+--------+--------+--------+--------+-----+--------+

Top non-repeatable levels by time:
     D:7: 1765 daAuts
     D:8: 1683 daAuts
    D:10: 1364 daAuts
    D:11: 1357 daAuts
     D:6: 1218 daAuts
     D:5: 1152 daAuts
    D:12: 1118 daAuts
     D:2: 876 daAuts
     D:1: 862 daAuts
     D:9: 758 daAuts
     D:4: 727 daAuts
     D:3: 719 daAuts
    D:13: 251 daAuts
